 Dungeon Crawl Stone Soup version 0.16.1-51-g6203257 (webtiles) character file.

30 kae the Firebug (level 3, 0/19 HPs)
             Began as a Tengu Fire Elementalist on July 10, 2015.
             Slain by Ijyb (1 damage)
             ... on level 2 of the Dungeon.
             The game lasted 00:01:21 (1395 turns).

kae the Firebug (Tengu Fire Elementalist)           Turns: 1395, Time: 00:01:23

Health: 0/19       AC:  2    Str:  8    XL:     3   Next: 18%
Magic:  0/7        EV: 12    Int: 16    God:
Gold:   43         SH:  0    Dex: 14    Spells: 2 memorised, 3 levels left

rFire  . . .     SeeInvis .     m - +0 dagger
rCold  . . .     Clarity  +     a - +0 robe
rNeg   . . .     SustAb   .     (no shield)
rPois  .         Gourm    .     (helmet restricted)
rElec  .         Spirit   .     (no cloak)
rCorr  .         Warding  .     (no gloves)
rMut   .         Stasis   .     (boots unavailable)
MR     .....                    (no amulet)
Stlth  ++........               (no ring)
                                (no ring)

@: not resistant to hostile enchantments, unstealthy
A: beak, talons 3, clarity, placid magic 1
a: no special abilities


You were on level 2 of the Dungeon.
You were near starving.

You visited 1 branch of the dungeon, and saw 2 of its levels.

You collected 43 gold pieces.

Inventory:

Hand weapons
 m - a +0 dagger (weapon)
Armour
 a - a +0 robe (worn)
Jewellery
 e - a +3 ring of strength {unknown}
Scrolls
 d - a scroll of identify {unknown}
 i - a scroll of immolation {unknown}
 l - a scroll of recharging {unknown}
Potions
 j - a potion of magic {unknown}
 k - a potion of lignification {unknown}
 o - a potion of curing {unknown}
Books
 b - a book of Flames

   Spells                             Type                      Level
   a - Flame Tongue                   Conjuration/Fire             1
   b - Throw Flame                    Conjuration/Fire             2
   c - Conjure Flame                  Conjuration/Fire             3
   d - Inner Flame                    Hexes/Fire                   3
   e - Sticky Flame                   Conjuration/Fire             4
   f - Fireball                       Conjuration/Fire             5
Comestibles
 c - a bread ration
 n - a meat ration


   Skills:
 - Level 2.1 Dodging
 - Level 2.0 Stealth
 + Level 2.3 Spellcasting
 * Level 2.5 Conjurations
 * Level 3.8 Fire Magic


You had 3 spell levels left.
You knew the following spells:

 Your Spells              Type           Power        Failure   Level  Hunger
a - Flame Tongue          Conj/Fire      #....        3%          1    #......
b - Throw Flame           Conj/Fire      #.....       4%          2    ###....


Dungeon Overview and Level Annotations

Branches:
Dungeon (2/15)

Altars:
Elyvilon

Annotations:
D:2 Ijyb


Innate Abilities, Weirdness & Mutations

You have a beak for a mouth.
You have claws for feet.
You possess an exceptional clarity of mind.
Your spells are a little easier to cast, but a little less powerful.


Message History

Ijyb hits you but does no damage. Ijyb hits you.
* * * LOW HITPOINT WARNING * * *
Drink which item? (? for menu, Esc to quit)
It was a potion of mutation.
You feel extremely strange.
Your thoughts seem clearer.
Your connection to magic feels subdued.
Ijyb hits you but does no damage.
Drink which item? (? for menu, Esc to quit)
It was a potion of agility.
You feel agile all of a sudden. Ijyb completely misses you. Ijyb hits you.
* * * LOW HITPOINT WARNING * * *
A bat comes into view.
Drink which item? (? for menu, Esc to quit)
It was a potion of cancellation.
Your magical effects are unravelling.
Your magical contamination has completely faded away.
You feel magically purged.
You feel a little less agile now.
The bat moves out of view.
Ijyb hits you.
You die...

#.# #.##.##... #.#
#.##.....# #.#
#.##...... #.#
#.##.##... #.#
#.##......
########.####.##......
...(..................
########.......(....#.
#..g@........#(#.#.#.
#.#####..#####.#.#...
.........# #.#.#...
..........# #.#.#...
####<.# #.#.#.#. ###.#
#.#.#.#.
#...####.#.#.#.
#.#......#.#...
###########.#.#.


You could see Ijyb.

Vanquished Creatures
  2 worms (D:2)
  An ooze (D:1)
  4 bats
  2 goblins (D:1)
  2 hobgoblins (D:2)
  2 giant geckos
  2 kobolds
  2 rats
17 creatures vanquished.

Notes
Turn   | Place    | Note
--------------------------------------------------------------
     0 | D:1      | kae, the Tengu Fire Elementalist, began the quest for the Orb.
     0 | D:1      | Reached XP level 1. HP: 10/10 MP: 3/3
   387 | D:1      | Reached XP level 2. HP: 12/15 MP: 3/5
   924 | D:2      | Learned a level 2 spell: Throw Flame
  1219 | D:2      | Reached XP level 3. HP: 5/19 MP: 1/7
  1338 | D:2      | Found a white marble altar of Elyvilon.
  1377 | D:2      | Noticed Ijyb
  1393 | D:2      | Gained mutation: You possess an exceptional clarity of mind. [potion of mutation]
  1393 | D:2      | Gained mutation: Your spells are a little easier to cast, but a little less powerful. [potion of mutation]
  1395 | D:2      | Slain by Ijyb

Action                   || total
-------------------------++-------
Melee: Unarmed           ||    25
       Dagger            ||     9
 Cast: Flame Tongue      ||    32
  Use: Potion            ||     3
